 Dungeon Crawl Stone Soup version 0.18.1-48-g4cf74bf (webtiles) character file.

1620 Mesmaeker13 the Basher (level 8, -2/88 HPs)
             Began as an Ogre Gladiator on June 30, 2016.
             Succumbed to a killer bee's poison
             ... on level 8 of the Dungeon.
             The game lasted 00:22:33 (8696 turns).

Mesmaeker13 the Basher (Ogre Gladiator)             Turns: 8696, Time: 00:22:34

Health: -2/88      AC:  7    Str: 21    XL:     8   Next: 96%
Magic:  8/8        EV: 12    Int:  7    God:
Gold:   334        SH:  0    Dex: 12    Spells: 0 memorised, 7 levels left

rFire  . . .     SeeInvis .     y - +0 giant spiked club
rCold  . . .     Gourm    .     j - +0 robe (curse)
rNeg   . . .     Faith    .     (shield currently unavailable)
rPois  .         Spirit   .     c - +0 hat
rElec  .         Dismiss  .     p - +0 cloak
rCorr  .         Reflect  .     (gloves unavailable)
SustAt .         Harm     .     (boots unavailable)
MR     .....                    (no amulet)
Stlth  +.........               (no ring)
                                k - +3 ring of protection

@: lethally poisoned (-2 -> -30), not resistant to hostile enchantments, very
unstealthy
A: unfitting armour, tough skin 1
a: no special abilities


You were on level 8 of the Dungeon.
You were not hungry.

You visited 2 branches of the dungeon, and saw 9 of its levels.

You collected 334 gold pieces.

Inventory:

Hand Weapons
 a - a +0 flail
 y - a +0 giant spiked club (weapon)
Missiles
 g - 290 stones
 h - 49 poisoned needles
 z - 8 needles of sleeping
 F - 3 tomahawks (quivered)
Armour
 b - a +0 robe
 c - a +0 hat (worn)
 j - a cursed +0 robe (worn)
 p - a +0 cloak (worn)
Jewellery
 k - a +3 ring of protection (left hand)
Wands
 r - a wand of flame (22/48)
 A - a wand of confusion (13/48)
 G - a wand of slowing (20/48)
Scrolls
 e - a scroll of enchant armour {unknown}
 i - a scroll of fear
 l - a scroll of magic mapping
 n - 3 scrolls of teleportation {unknown}
 o - 3 scrolls of amnesia
 q - 3 scrolls of remove curse
 t - a scroll of recharging {unknown}
 w - 2 scrolls of noise {unknown}
Potions
 s - a potion of mutation {unknown}
 u - 2 potions of heal wounds {unknown}
 x - a potion of ambrosia {unknown}
 E - a potion of degeneration {unknown}
Books
 v - a book of Battle

   Spells                             Type                      Level
   a - Infusion                       Charms                       1
   b - Shroud of Golubria             Charms/Translocation         2
   c - Song of Slaying                Charms                       2
   d - Spectral Weapon                Hexes/Charms                 3
   e - Regeneration                   Charms/Necromancy            3
Comestibles
 d - 2 meat rations
 f - 4 bread rations
 m - a royal jelly
 B - a slice of pizza
 C - 2 fruits
 D - 2 chunks of flesh


   Skills:
 + Level 8.0 Fighting
 + Level 9.5 Maces & Flails
 - Level 2.0 Throwing
 + Level 6.6 Dodging


You had 7 spell levels left.
You didn't know any spells.

Dungeon Overview and Level Annotations

Branches:
Dungeon (8/15)             Temple (1/1) D:4
   Lair: D:8-11

Altars:
Ashenzari
Cheibriados
Elyvilon
Gozag
Kikubaaqudgha
Pakellas
Qazlal
Ru
Sif Muna
Trog
Vehumet
Xom
Yredelemnul
Zin
The Shining One

Annotations:
D:4 Biabri's ghost, weakling HEFE
D:6 Aquadorian's ghost, amateur VSFi


Innate Abilities, Weirdness & Mutations

You are too large for most types of armour.
You have tough skin (AC +1).


Message History

You closely miss the killer bee.
The killer bee is almost dead.
* * * LOW HITPOINT WARNING * * *
You feel very sick. The killer bee stings you.
* * * LOW HITPOINT WARNING * * *
You are more poisoned.
The killer bee poisons you!
The killer bee stings you but does no damage. x2
You miss the killer bee.
The killer bee is almost dead.
* * * LOW HITPOINT WARNING * * *
You feel very sick. The killer bee barely misses you.
The killer bee stings you but does no damage.
The killer bee barely misses you.
You puncture the killer bee!
You kill the killer bee!
Your Fighting skill increases to level 8!
You die...

###.#########
#..yo†@.....#
#.#.#######.#
#.# #.# #.#
#.# #.# #.#
#.#


You could see a killer bee and an orc.

Vanquished Creatures
  Eustachio (D:4)
  An ice beast (D:7)
  A phantom (D:5)
  A sky beast (D:5)
  A necrophage (D:6)
  An ogre (D:4)
  A centaur (D:5)
  A wyvern zombie (D:6)
  3 scorpions (D:5)
  A killer bee (D:8)
  A crimson imp (D:6)
  A centaur zombie (D:5)
  2 hounds
  4 orc priests
  Jessica (D:3)
  An iguana (D:7)
  A worker ant (D:6)
  2 hound skeletons
  A hound zombie (D:5)
  A worker ant zombie (D:6)
  12 gnolls
  8 adders
  An adder skeleton (D:6)
  7 worms
  5 giant geckos
  17 orcs
  3 giant cockroaches
  15 goblins
  7 hobgoblins
  4 quokkas
  2 ball pythons
  11 bats
  A giant gecko skeleton (D:8)
  5 giant newts
  8 kobolds (D:2)
  A quokka zombie (D:5)
  6 rats
140 creatures vanquished.

Vanquished Creatures (others)
  2 orc wizards (D:4)
  2 orcs (D:4)
  A hobgoblin (D:4)
5 creatures vanquished.

Grand Total: 145 creatures vanquished

Notes
Turn   | Place    | Note
--------------------------------------------------------------
     0 | D:1      | Mesmaeker13 the Ogre Gladiator began the quest for the Orb.
     0 | D:1      | Reached XP level 1. HP: 22/22 MP: 1/1
   291 | D:1      | Reached XP level 2. HP: 29/29 MP: 2/2
   816 | D:2      | Reached XP level 3. HP: 26/36 MP: 3/3
  1009 | D:2      | Reached skill level 5 in Maces & Flails
  1715 | D:2      | Reached XP level 4. HP: 38/44 MP: 4/4
  2613 | D:3      | Reached skill level 6 in Maces & Flails
  2613 | D:3      | Reached XP level 5. HP: 45/50 MP: 5/5
  3592 | D:3      | Noticed Jessica
  3612 | D:3      | Killed Jessica
  4145 | D:3      | Reached XP level 6. HP: 29/62 MP: 6/6
  5283 | D:4      | Found a shattered altar of Ashenzari.
  5450 | D:4      | Noticed Biabri's ghost (weakling HEFE)
  5606 | D:4      | Found a stormy altar of Qazlal.
  5618 | D:4      | Noticed Eustachio
  5638 | D:4      | Killed Eustachio
  5638 | D:4      | Reached skill level 7 in Maces & Flails
  5638 | D:4      | Reached XP level 7. HP: 62/71 MP: 7/7
  5747 | D:4      | Reached skill level 5 in Fighting
  5778 | D:4      | Reached skill level 5 in Dodging
  6080 | D:4      | Found a staircase to the Ecumenical Temple.
  6091 | Temple   | Entered the Ecumenical Temple
  6402 | D:5      | Entered Level 5 of the Dungeon
  6679 | D:5      | Reached skill level 8 in Maces & Flails
  6882 | D:5      | Reached XP level 8. HP: 83/83 MP: 8/8
  7341 | D:5      | Found a glowing golden altar of the Shining One.
  8035 | D:6      | Reached skill level 9 in Maces & Flails
  8396 | D:6      | Noticed Aquadorian's ghost (amateur VSFi)
  8695 | D:8      | HP: 2/88 [poisoned by a killer bee]
  8696 | D:8      | Succumbed to a killer bee's poison

Skill      XL: |  1  2  3  4  5  6  7  8 |
---------------+-------------------------+-----
Dodging        | 3 4 5 6 |  6.6
Maces & Flails | 5 6 7 8 9 |  9.5
Fighting       | 3 4 6 8 |  8.0
Throwing       | |  2.0

Action                   |  1- 3 |  4- 6 |  7- 9 || total
-------------------------+-------+-------+-------++-------
Melee: Flail             |   101 |   268 |    59 ||   428
       Giant spiked club |       |       |   135 ||   135
Throw: Stone             |    44 |    40 |     1 ||    85
       Throwing net      |     9 |     6 |       ||    15
       Tomahawk          |       |       |    18 ||    18
  Use: Scroll            |       |     5 |     1 ||     6
       Potion            |       |     3 |     1 ||     4
 Stab: Sleeping          |     1 |     1 |       ||     2
  Eat: Chunk             |     2 |    13 |     8 ||    23
       Beef jerky        |       |       |     1 ||     1
       Fruit             |       |       |     1 ||     1
Armor: Robe              |    38 |    70 |    58 ||   166
Dodge: Dodged            |    64 |   111 |   134 ||   309
